 Dungeon Crawl Stone Soup version 0.23-b1 (webtiles) character file.

Game seed: 6419039592430042223

75 Korosensei the Grave Robber (level 4, 27/36 HPs)
             Began as a Deep Dwarf Necromancer on Jan 30, 2019.
             Was an Initiate of Trog.
             Got out of the dungeon alive.
             The game lasted 00:04:31 (1742 turns).

Korosensei the Grave Robber (DDNe)                  Turns: 1742, Time: 00:04:32

Health: 27/36      AC:  2    Str: 12    XL:     4   Next: 11%
Magic:  8/8        EV: 12    Int: 16    God:    Trog [......]
Gold:   86         SH:  0    Dex: 13    Spells: 7/8 levels left

rFire    . . .     SeeInvis .   s - +0 hand axe
rCold    . . .     Gourm    .   (no shield)
rNeg     . . .     Faith    .   a - +0 robe
rPois    .         Spirit   .   (no helmet)
rElec    .         Reflect  .   (no cloak)
rCorr    .         Harm     .   (no gloves)
MR       .....                  (no boots)
Stlth    ++........             (no amulet)
HPRegen  0.00/turn              (no ring)
MPRegen  0.11/turn              (no ring)

@: non-regenerating
A: damage resistance, heal wounds, sense surroundings 1, no regeneration
a: Heal Wounds, Renounce Religion


You escaped.
You worshipped Trog.
Trog was noncommittal.
You were not hungry.

You visited 1 branch of the dungeon, and saw 2 of its levels.

You collected 86 gold pieces.

Inventory:

Hand Weapons
 s - a +0 hand axe (weapon)
Armour
 a - a +0 robe (worn)
 e - a +0 large shield
 w - a +0 chain mail
Jewellery
 k - an uncursed ring of protection from magic {unknown}
 m - a +2 ring of intelligence {unknown}
Scrolls
 b - 4 scrolls of teleportation {unknown}
 g - a scroll of magic mapping {unknown}
 h - a scroll of fog {unknown}
 j - a scroll of immolation {unknown}
 l - a scroll of identify {unknown}
 n - a scroll of fear {unknown}
 o - 2 scrolls of blinking {unknown}
 p - a scroll of remove curse {unknown}
 q - a scroll of amnesia {unknown}
 r - a scroll of enchant weapon {unknown}
Potions
 d - a potion of curing {unknown}
 f - a potion of flight {unknown}
 i - a potion of haste {unknown}
 t - a potion of might {unknown}
 u - a potion of magic {unknown}
Comestibles
 c - 3 rations
 v - 3 chunks of flesh


   Skills:
 - Level 2.1 Dodging
 - Level 2.4 Stealth
 - Level 2.7 Spellcasting
 - Level 5.5 Necromancy


You had 7 spell levels left.
You knew the following spells:

 Your Spells              Type           Power        Failure   Level  Hunger
a - Pain                  Necr           ###.         1%          1    #......

Your spell library contained the following spells:

 Spells                   Type           Power        Failure   Level  Hunger
 Animate Skeleton         Necr           N/A          1%          1    #......
 Vampiric Draining        Necr           ###.......   6%          3    ###....
 Animate Dead             Necr           N/A          21%         4    #####..
 Regeneration             Chrm/Necr      Unusable     N/A         3    N/A

Dungeon Overview and Level Annotations

Branches:
Dungeon (2/15)

Altars:
Kikubaaqudgha
Ru
Trog


Innate Abilities, Weirdness & Mutations

You are resistant to damage.
You can heal yourself by infusing magical energy.
You passively map a small area around you.
You do not regenerate.


Message History

You see here a chain mail.
w - a chain mail
There is an open door here.
There is a bloodstained altar of Trog here.
You kneel at the altar of Trog.
Trog welcomes you!
(D) Dungeon
Where to? (Enter - D:2 @ (x,y), ? - help)
What level of the Dungeon? (default 1, ? - help)
There is an open door here.
There is a stone staircase leading up here.
You climb upwards.
There is a stone staircase leading down here.
You see here a +0 short sword.
You see here a cursed -1 dagger.
You see here a +0 dagger.
You see here 13 stones.
There is a staircase leading out of the dungeon here.
Are you sure you want to leave the Dungeon?
This will make you lose the game!
You have escaped!

#.># #...# #.#
##.###..# #..# ###.#
#####...##..#
#..##### #.#
##)..###..#
#......####.##
##...####..#
#......##....###...##
#....
#########.....#(..##
#.#.# ###### *
#........## #.#.#
#....# ,
#........#########.
## #.####
#.@...........÷....
.# #.#
#.........#########
.#####.##
###############
........#
#.(###........######
######.##
#......)....#......##
###
#.######...).........
#.# ##...#........
#†# ###...#.##### #.#
##.##.# #


There were no monsters in sight!

Vanquished Creatures
  A gnoll (D:1)
  An adder (D:2)
  4 oozes (D:1)
  2 dart slugs
  A giant cockroach (D:2)
  7 goblins
  4 hobgoblins
  A ball python (D:1)
  5 bats
  A frilled lizard (D:1)
  7 kobolds
  4 rats (D:1)
38 creatures vanquished.

Notes
Turn   | Place    | Note
-------+----------+-------------------------------------------
     0 | D:1      | Korosensei the Deep Dwarf Necromancer began the quest for
                  | the Orb.
     0 | D:1      | Reached XP level 1. HP: 15/15 MP: 3/3
   195 | D:1      | Reached XP level 2. HP: 22/22 MP: 0/5
   277 | D:1      | Reached skill level 5 in Necromancy
   493 | D:1      | Reached XP level 3. HP: 28/28 MP: 0/6
  1369 | D:2      | Reached XP level 4. HP: 30/36 MP: 2/8
  1549 | D:2      | Found an ancient bone altar of Kikubaaqudgha.
  1554 | D:2      | Found a bloodstained altar of Trog.
  1559 | D:2      | Found a sacrificial altar of Ru.
  1641 | D:2      | Became a worshipper of Trog the Wrathful
  1742 | D:$      | Got out of the dungeon alive.

Skill      XL: |  1  2 |
---------------+-------+-----
Spellcasting   | 2 |  2.7
Necromancy     | 5 |  5.5
Dodging        | |  2.1
Stealth        | |  2.4

Action                   |  1- 3 |  4- 6 || total
-------------------------+-------+-------++-------
Melee: Hand axe          |       |     2 ||     2
 Cast: Pain              |    70 |     8 ||    78
  Eat: Chunk             |     2 |     1 ||     3
Armor: Robe              |     1 |       ||     1
Dodge: Dodged            |     6 |     1 ||     7
